Map: Discord IV

Players

GogaMagoga - Winner!

  • Race: Protoss Protoss
  • Spawn Location: 5:00

Gracz - Winner!

  • Race: Terran Terran
  • Spawn Location: 5:00

CraM

  • Race: Zerg Zerg
  • Spawn Location: 11:00

stopok

  • Race: Terran Terran
  • Spawn Location: 9:00

VOD

Have the link to the VOD?

Description

Time

  • Played on: April 30, 2016, 7:56 a.m.
  • Length: 20:12
Show
View Real Time Build Order
Export as new Build Order

GogaMagoga Protoss - Winner!

Build Orders:  

Get SALT Encoding   

  12  0:02  Probe (Chrono Boost)  
  13  0:13  Probe (Chrono Boost)  
  14  0:23  Probe (Chrono Boost)  
  15  0:29  Pylon  
  15  0:48  Probe (Chrono Boost)  
  16  1:01  Forge  
  16  1:05  Gateway  
  16  1:08  Probe (Chrono Boost)  
  17  1:19  Probe (Chrono Boost)  
  18  1:36  Probe (Chrono Boost)  
  19  1:40  Assimilator  
  19  1:47  Probe (Chrono Boost)  
  20  1:55  Assimilator  
  20  1:57  Probe (Chrono Boost)  
  21  2:08  Probe (Chrono Boost)  
  22  2:10  Pylon  
  22  2:19  Cybernetics Core  
  22  2:31  Photon Cannon  
  22  2:34  Pylon, Zealot  
  24  2:48  Pylon  
  24  3:00  Nexus, Warp Gate (Chrono Boost)  
  24  3:06  Probe (Chrono Boost)  
  25  3:14  Photon Cannon  
  25  3:17  Mothership Core (Chrono Boost)  
  27  3:28  Pylon  
  27  3:34  Protoss Ground Weapons Level 1 (Chrono Boost)  
  27  3:44  Gateway  
  27  3:46  Gateway  
  27  4:04  Stargate  
  27  4:12  Photon Cannon  
  27  4:39  Probe  
  27  4:40  Probe  
  29  4:45  Photon Cannon  
  29  4:49  Probe (Chrono Boost)  
  31  4:52  Probe (Chrono Boost)  
  31  5:02  Probe (Chrono Boost)  
  31  5:04  Probe (Chrono Boost)  
  33  5:12  Probe (Chrono Boost)  
  34  5:15  Probe (Chrono Boost), Void Ray  
  34  5:18  Zealot x2  
  43  5:22  Protoss Ground Armor Level 1  
  43  5:23  Probe (Chrono Boost)  
  43  5:25  Probe (Chrono Boost)  
  45  5:33  Probe (Chrono Boost)  
  36  5:40  Probe (Chrono Boost)  
  32  5:44  Probe (Chrono Boost)  
  33  5:50  Probe (Chrono Boost)  
  33  5:54  Probe (Chrono Boost)  
  35  6:01  Probe (Chrono Boost)  
  36  6:05  Probe (Chrono Boost), Photon Cannon  
  37  6:12  Probe (Chrono Boost)  
  37  6:13  Twilight Council  
  37  6:15  Probe (Chrono Boost)  
  39  6:22  Probe (Chrono Boost)  
  39  6:25  Assimilator  
  40  6:26  Probe (Chrono Boost)  
  40  6:29  Stalker  
  44  6:33  Probe (Chrono Boost)  
  44  6:37  Probe (Chrono Boost)  
  45  6:43  Probe (Chrono Boost)  
  45  6:46  Void Ray (Chrono Boost)  
  46  6:47  Probe (Chrono Boost)  
  46  6:52  Probe  
  52  6:57  Assimilator  
  52  6:59  Probe  
  53  7:02  Probe  
  54  7:13  Charge (Chrono Boost)  
  54  7:20  Zealot  
  54  7:21  Zealot x2  
  60  7:25  Probe x2 (Chrono Boost)  
  62  7:37  Probe (Chrono Boost)  
  62  7:38  Probe (Chrono Boost)  
  62  7:40  Protoss Air Weapons Level 1 (Chrono Boost)  
  64  7:47  Probe (Chrono Boost)  
  64  7:48  Probe (Chrono Boost), Void Ray (Chrono Boost)  
  70  8:06  Gateway  
  70  8:11  Pylon  
  70  8:19  Pylon  
  70  8:29  Probe x2  
  70  8:30  Stalker x2  
  70  8:31  Stalker  
  78  8:38  Void Ray (Chrono Boost)  
  78  8:41  Probe x2  
  84  8:44  Protoss Ground Weapons Level 2 (Chrono Boost)  
  84  9:04  Pylon, Stalker  
  84  9:07  Pylon  
  84  9:09  Pylon  
  86  9:17  Nexus  
  86  9:23  Pylon  
  86  9:28  Photon Cannon  
  86  9:32  Photon Cannon  
  86  9:34  Photon Cannon  
  86  9:36  Photon Cannon  
  86  9:43  Stalker x2  
  86  9:44  Stalker  
  92  9:46  Zealot  
  94  10:17  Robotics Facility x2  
  94  10:44  Stalker x4  
  102  10:53  Probe  
  102  10:54  Probe x2  
  105  11:00  Pylon  
  105  11:04  Assimilator, Probe  
  105  11:06  Probe  
  105  11:07  Probe  
  105  11:08  Zealot x2  
  105  11:09  Assimilator, Zealot x2  
  116  11:12  Observer (Chrono Boost)  
  116  11:14  Probe  
  116  11:18  Immortal (Chrono Boost)  
  122  11:19  Probe x2  
  124  11:26  Protoss Ground Weapons Level 3 (Chrono Boost)  
  124  11:31  Probe  
  123  11:51  Void Ray (Chrono Boost)  
  127  12:19  Stargate x2  
  127  12:20  Probe  
  127  12:21  Probe x2  
  130  12:26  Pylon  
  130  12:28  Pylon  
  130  12:30  Pylon  
  130  12:33  Probe  
  130  12:34  Fleet Beacon  
  131  12:49  Void Ray (Chrono Boost)  
  135  13:06  Probe  
  135  13:07  Probe  
  135  13:08  Probe  
  135  13:09  Blink (Chrono Boost)  
  138  13:15  Carrier (Chrono Boost)  
  138  13:17  Carrier (Chrono Boost), Probe  
  140  13:20  Probe x2  
  153  13:27  Graviton Catapult  
  153  13:32  Probe x2  
  145  13:36  Carrier (Chrono Boost)  
  151  13:52  Protoss Air Weapons Level 2 (Chrono Boost)  
  157  14:22  Robotics Bay  
  157  14:25  Protoss Ground Armor Level 2 (Chrono Boost)  
  157  14:43  Tempest x2 (Chrono Boost)  
  165  15:04  Pylon  
  165  15:06  Pylon  
  165  15:08  Pylon  
  165  15:21  Pylon  
  165  15:23  Tempest (Chrono Boost), Pylon  
  165  15:26  Pylon  
  169  15:33  Tempest (Chrono Boost)  
  169  15:37  Tempest (Chrono Boost)  
  177  15:57  Zealot x4  
  177  15:58  Protoss Air Armor Level 1 (Chrono Boost)  
  185  16:07  Tempest  
  185  16:09  Tempest  
  189  16:15  Observer x2  
  195  16:24  Protoss Shields Level 1  
  185  16:56  Tempest  
  185  17:02  Tempest x2  
  199  17:15  Mothership Core (Chrono Boost)  
  199  17:21  Extended Thermal Lance  
Show
View Real Time Build Order
Export as new Build Order

Gracz Terran - Winner!

Build Orders: MMM Bio 

Get SALT Encoding   

  12  0:02  SCV  
  13  0:15  Supply Depot  
  13  0:25  Refinery, SCV  
  14  0:39  Barracks  
  14  0:43  SCV  
  15  1:26  Reaper  
  16  4:08  Barracks Tech Lab  
  16  4:10  Factory, SCV  
  16  4:13  Refinery  
  17  4:23  SCV  
  17  4:30  Stimpack  
  17  4:31  Reaper  
  18  4:35  SCV  
  19  4:38  Barracks  
  19  4:50  Supply Depot  
  19  4:55  Orbital Command  
  19  5:04  Starport  
  18  5:46  Marauder  
  18  5:48  Reaper  
  21  5:50  Hellion  
  23  6:13  Starport Tech Lab  
  23  6:17  Starport  
  23  6:21  Barracks Reactor  
  23  6:22  Factory Tech Lab  
  23  6:28  Barracks  
  23  6:37  Barracks  
  23  6:43  Factory  
  23  6:50  SCV  
  24  6:56  Engineering Bay, Starport Tech Lab  
  24  7:02  SCV  
  25  7:09  Command Center  
  25  7:14  SCV  
  26  7:17  Barracks Reactor  
  26  7:19  Combat Shields  
  26  7:26  SCV  
  26  7:27  Barracks Reactor  
  26  7:28  Factory Tech Lab  
  27  7:38  SCV  
  27  7:43  Engineering Bay  
  28  7:46  Medivac  
  28  7:50  SCV  
  31  7:54  Medivac  
  31  7:56  Supply Depot  
  33  8:03  SCV  
  34  8:24  Refinery  
  34  8:26  Orbital Command  
  34  8:50  Armory  
  34  8:51  Siege Tank  
  34  8:52  Siege Tank  
  34  8:54  Reaper x2  
  34  8:55  Marine x3  
  42  8:56  Marine  
  46  9:14  Orbital Command  
  46  9:25  Raven  
  48  9:53  Refinery  
  48  10:04  Armory  
  48  10:10  Infernal Pre-Igniter  
  48  10:21  Marine  
  48  10:22  Marine x5  
  48  10:27  Banshee  
  57  10:39  Marine  
  57  10:40  Marine x4, Starport  
  62  10:48  Marine  
  63  10:57  Marine x3  
  66  11:34  Starport Tech Lab  
  66  11:35  Starport  
  66  11:36  Cloaking Field  
  66  12:35  Banshee  
  69  12:41  Supply Depot  
  69  12:44  Banshee  
  70  12:49  Banshee  
  49  13:05  Starport Tech Lab  
  49  13:18  Banshee  
  52  13:26  Banshee  
  55  13:32  Banshee  
  58  13:36  Banshee  
  61  13:48  Marine  
  61  13:49  Marine x6  
  61  13:51  Thor  
  74  14:00  Banshee  
  77  14:06  Marine  
  78  14:13  Marine x2  
  78  14:14  Marine x4, Banshee  
  78  14:15  Banshee  
  83  14:19  Banshee  
  83  14:24  Marine  
  82  14:31  Marine x2  
  85  14:32  Marine  
  86  14:51  Supply Depot  
  86  14:53  Orbital Command  
  86  15:12  Marine x2, Banshee x2  
  94  16:04  Supply Depot  
  94  16:06  Marine x4, Banshee x2  
  104  16:24  Marine  
  105  16:32  Orbital Command  
  63  17:50  Banshee x4  
  75  18:32  Refinery  
  75  18:36  Refinery  
Show
View Real Time Build Order
Export as new Build Order

CraM Zerg 

Build Orders: Pool First, Lurkers 

Get SALT Encoding   

  12  0:01  Drone  
  13  0:17  Overlord  
  13  0:19  Drone  
  14  0:29  Extractor, Drone  
  15  0:36  Drone  
  16  0:45  Drone  
  17  1:03  Drone  
  17  1:04  Drone  
  19  1:05  Spawning Pool  
  18  1:12  Drone  
  18  1:17  Extractor  
  18  1:19  Extractor  
  17  1:28  Drone  
  18  1:34  Overlord  
  18  1:45  Drone  
  19  1:51  Hatchery  
  19  1:52  Queen  
  20  2:00  Zergling x2  
  21  2:14  Zergling x2  
  22  2:16  Zergling x2  
  23  2:26  Metabolic Boost  
  23  2:37  Spine Crawler  
  22  3:06  Spine Crawler  
  22  3:11  Queen  
  23  3:14  Drone  
  23  3:15  Drone x7  
  31  3:29  Lair  
  31  3:46  Queen  
  33  3:57  Overlord x2  
  33  4:13  Zergling x4  
  33  4:14  Zergling x2  
  36  4:26  Zergling x2  
  36  4:27  Zergling x20  
  47  4:51  Hatchery  
  46  4:54  Drone x2  
  46  4:56  Overlord x2  
  33  5:43  Spore Crawler  
  33  5:47  Drone x10, Spore Crawler  
  39  6:06  Queen  
  39  6:07  Drone  
  39  6:08  Drone x3  
  45  6:26  Infestation Pit  
  44  6:36  Extractor  
  44  6:39  Extractor, Drone  
  43  6:40  Drone x4  
  47  6:51  Drone  
  47  6:52  Drone  
  49  6:59  Burrow  
  49  7:02  Extractor  
  49  7:07  Drone x2  
  49  7:08  Drone x2  
  51  7:09  Drone x2  
  54  7:22  Extractor  
  53  7:37  Hydralisk Den  
  53  7:40  Evolution Chamber  
  51  7:47  Spore Crawler x2  
  51  7:50  Spore Crawler  
  48  7:57  Spire  
  47  8:15  Drone  
  47  8:16  Drone x2  
  47  8:17  Drone x3  
  53  8:22  Hive  
  53  8:23  Spire  
  53  8:25  Zerg Melee Weapons Level 1  
  52  8:29  Lurker Den  
  52  8:32  Drone x2  
  54  8:52  Evolution Chamber  
  53  9:00  Evolution Chamber  
  52  9:17  Zerg Flyer Armor Level 1  
  52  9:23  Overlord  
  52  9:24  Overlord x3  
  52  9:25  Overlord x2  
  52  9:26  Overlord  
  52  9:37  Greater Spire  
  52  9:39  Zerg Ground Armor Level 1  
  52  9:42  Hydralisk, Zerg Missile Weapons Level 1  
  52  9:43  Hydralisk x8  
  52  9:44  Corruptor x3  
  52  9:45  Corruptor x5  
  86  10:11  Overseer x2  
  86  10:12  Overseer  
  86  10:14  Pneumatized Carapace  
  86  10:16  Zergling x20  
  86  10:17  Zergling x34  
  113  10:49  Lurker  
  114  10:59  Lurker  
  114  11:03  Brood Lord x5  
  125  11:30  Lurker  
  125  11:31  Lurker  
  127  11:33  Brood Lord  
  127  11:37  Overlord x4  
  127  11:38  Hatchery  
  128  11:44  Zerg Flyer Weapons Level 1  
  127  12:15  Drone  
  128  12:16  Drone x5  
  128  12:17  Overlord  
  128  12:18  Overlord x2  
  128  12:20  Corruptor  
  128  12:21  Corruptor x6  
  147  12:47  Viper  
  150  13:01  Viper  
  153  13:17  Extractor, Overlord x2  
  153  13:18  Extractor  
  144  14:56  Brood Lord  
  144  14:57  Brood Lord x8  
  162  15:07  Corruptor x10  
  162  15:08  Corruptor  
  184  15:23  Zerg Melee Weapons Level 2  
  184  15:30  Zerg Ground Armor Level 2  
  184  16:14  Drone x3  
  184  16:16  Drone x3  
  190  16:23  Corruptor  
  190  16:24  Corruptor x3  
  164  16:49  Viper x3  
  171  16:59  Overseer x3  
  154  17:49  Overseer x2  
  115  18:14  Viper  
  115  18:15  Viper x3  
  65  19:52  Zergling x2  
  65  19:53  Zergling x24  
  65  19:54  Zergling x2  
Show
View Real Time Build Order
Export as new Build Order

stopok Terran 

Build Orders:  

Get SALT Encoding   

  12  0:02  SCV  
  13  0:19  SCV  
  14  0:31  SCV  
  15  0:53  Supply Depot  
  15  1:15  SCV  
  16  1:21  Refinery  
  16  1:27  SCV  
  17  1:35  Refinery  
  17  1:47  SCV  
  18  1:59  SCV  
  19  2:11  SCV  
  20  2:19  Supply Depot  
  20  2:23  SCV  
  21  2:51  Barracks  
  21  2:53  SCV  
  22  3:15  SCV  
  22  3:38  Marine  
  21  3:56  Marine  
  21  4:00  Engineering Bay  
  21  4:12  SCV  
  21  4:14  Marine  
  23  4:24  SCV  
  23  4:30  Terran Infantry Weapons Level 1  
  24  4:31  Marine  
  25  4:41  Sensor Tower  
  25  4:49  Marine  
  26  5:07  Planetary Fortress, Marine  
  27  5:25  Factory, Marine  
  28  5:43  Marine  
  29  6:00  SCV  
  29  6:01  Marine  
  31  6:10  Supply Depot  
  31  6:21  Factory Tech Lab  
  31  6:25  Terran Infantry Armor Level 1  
  31  6:32  SCV  
  32  6:40  Supply Depot  
  32  6:42  Siege Tank  
  35  7:14  Siege Tank  
  35  7:15  Starport  
  38  7:46  Siege Tank  
  41  7:58  Starport Tech Lab  
  41  8:08  Armory  
  41  8:18  Siege Tank  
  41  8:19  Hi-Sec Auto Tracking  
  44  8:40  Medivac  
  46  8:58  Barracks Tech Lab  
  46  9:14  Terran Vehicle Weapons Level 1  
  46  9:36  Command Center  
  46  9:46  Terran Infantry Weapons Level 2  
  38  10:56  SCV  
  36  11:07  Missile Turret  
  36  11:08  SCV  
  37  11:13  Marauder  
  39  11:20  SCV  
  41  11:32  SCV  
  41  11:33  Terran Vehicle Weapons Level 2  
  41  11:34  Marauder  
  43  11:40  Thor  
  43  11:45  SCV  
  50  11:53  Missile Turret  
  50  11:56  Marauder  
  50  11:57  SCV  
  53  12:01  Terran Infantry Armor Level 2  
  53  12:17  Marine  
  54  12:23  Thor  
  54  12:24  Supply Depot  
  54  12:28  Orbital Command  
  60  12:34  Marine  
  61  13:06  Thor  
  67  13:31  Missile Turret  
  67  13:33  SCV  
  68  13:45  SCV  
  69  13:50  Terran Vehicle And Ship Armor Level 1  
  69  13:57  SCV  
  69  13:59  Supply Depot  
  70  14:18  Building Armor  
  70  14:21  Medivac, SCV  
  73  14:27  Supply Depot  
  75  14:31  Marauder  
  75  14:33  SCV  
  76  14:45  Refinery  
  76  14:50  Thor  
  76  14:52  Marauder  
  84  15:14  Marauder  
  86  15:47  Command Center  
  86  15:50  Refinery  
  86  16:14  Terran Vehicle And Ship Armor Level 2  
  86  16:51  Reaper  
  81  16:54  Thor  
  81  17:23  Marine  
  82  17:37  Thor  
  64  18:04  Refinery  
  64  18:13  Marine  
  65  18:20  Thor  
  71  18:30  Marine  
  72  18:48  Marine  
  73  19:03  Thor  
  73  19:06  Marine  
  80  19:29  Missile Turret  
Tags
 
Add a new tag
Caveats
  • Supply blocks, unpowered buildings, or Contaminate may cause inaccurate times.
  • Supply counts are checked every 10 seconds.